 Dungeon Crawl Stone Soup version 0.20.1-1-g8b1a95d (webtiles) character file.

33765 polly the Thaumaturge (level 13, -12/52 HPs)
             Began as a Felid Conjurer on Dec 13, 2017.
             Was a High Priest of Sif Muna.
             Mangled by a catoblepas (17 damage)
             ... on level 5 of the Lair of Beasts.
             The game lasted 02:13:39 (40418 turns).

polly the Thaumaturge (Felid Conjurer)             Turns: 40418, Time: 02:13:39

Health: -12/52     AC:  3    Str:  4    XL:     13   Next: 38%
Magic:  41/41      EV:  4    Int: 20    God:    Sif Muna [*****.]
Gold:   1027       SH:  0    Dex: 18    Spells: 5/41 levels left
                                        Lives:  0   Deaths: 4

rFire    . . .     SeeInvis +     - Unarmed
rCold    + . .     Gourm    .   (shield unavailable)
rNeg     + + +     Faith    .   (armour unavailable)
rPois    ∞         Spirit   .   (helmet unavailable)
rElec    .         Reflect  +   (cloak unavailable)
rCorr    .         Harm     .   (gloves unavailable)
MR       +....                  (boots unavailable)
Stlth    ++++++....             B - +6 amulet of reflection
Regen    0.2/turn               l - ring of magical power
MPRegen  0.3/turn               p - ring of wizardry

@: petrified, quick
A: no armour, no weapons or thrown items, stealth, antennae 1, claws 1, fangs 3,
see invisible, carnivore 3, speed 1, screaming 1, shaggy fur 3, slow metabolism
1, sharp paws
a: Divine Energy, Channel Magic, Forget Spell, Renounce Religion


You were on level 5 of the Lair of Beasts.
You worshipped Sif Muna.
Sif Muna was extremely pleased with you.
You were not hungry.

You visited 3 branches of the dungeon, and saw 20 of its levels.
You also visited: Sewer and Ossuary.

You collected 1134 gold pieces.
You spent 107 gold pieces at shops.

Inventory:

Jewellery
 k - a +3 ring of strength {unknown}
 l - a ring of magical power (left paw)
 p - a ring of wizardry (right paw)
 v - an uncursed ring of stealth
 x - a +5 ring of evasion
 B - a +6 amulet of reflection (around neck)
 K - a +2 ring of strength {unknown}
 Q - an uncursed ring of protection from cold
 S - an uncursed ring of resist corrosion
 Z - an uncursed ring of protection from magic
Wands
 a - a wand of iceblast (4/15)
 h - a wand of iceblast (12/15)
 y - a wand of polymorph (7/24)
 H - a wand of confusion (23/48)
 I - a wand of paralysis (0/24)
 J - a wand of paralysis (7/24)
 N - a wand of polymorph (8/24)
 R - a wand of disintegration (15/24)
 T - a wand of iceblast (7/15)
 Y - a wand of disintegration (9/24)
Scrolls
 e - 12 scrolls of remove curse
 m - 4 scrolls of blinking
 o - 6 scrolls of teleportation
 u - 8 scrolls of recharging
 w - 4 scrolls of amnesia
 A - 5 scrolls of fog {unknown}
 C - 2 scrolls of fear
 F - 2 scrolls of immolation
 L - a scroll of acquirement
 P - 5 scrolls of magic mapping {unknown}
 X - 2 scrolls of identify
Potions
 c - 9 potions of magic
 d - 9 potions of curing
 f - 2 potions of might
 i - 3 potions of berserk rage
 j - 3 potions of mutation
 n - 3 potions of brilliance
 r - 3 potions of flight
 s - 4 potions of haste
 z - 5 potions of heal wounds
 D - 4 potions of degeneration {unknown}
 E - 3 potions of resistance
 M - 3 potions of agility
 O - 3 potions of cancellation
 U - a potion of ambrosia
Books
 g - a book of Alchemy

   Spells                             Type                      Level
   a - Sublimation of Blood           Necromancy                   2
   b - Ignite Poison                  Fire/Transmutation/Poison    3
   c - Petrify                        Transmutation/Earth          4
   d - Alistair's Intoxication        Transmutation/Poison         5
   e - Irradiate                      Conjuration/Transmutation    5
 q - Sif Muna's Almanac of the Spatial Arsonist
   (Sif Muna gifted it to you on level 4 of the Lair of Beasts)

   Spells                             Type                      Level
   a - Shroud of Golubria             Charms/Translocation         2
   b - Gell's Gravitas                Translocation                3
   c - Teleport Other                 Translocation                3
   d - Bolt of Magma                  Conjuration/Fire/Earth       5
   e - Dispersal                      Translocation                6
   f - Fire Storm                     Conjuration/Fire             9
 t - Sif Muna's Tome of Dark Transformation
   (Sif Muna gifted it to you on level 3 of the Lair of Beasts)

   Spells                             Type                      Level
   a - Sticks to Snakes               Transmutation                2
   b - Control Undead                 Necromancy                   4
   c - Yara's Violent Unravelling     Hexes/Transmutation          5
   d - Cigotuvi's Embrace             Necromancy                   5
   e - Haunt                          Necromancy/Summoning         7
Comestibles
 b - 10 meat rations
 G - 2 royal jellies


   Skills:
 + Level 3.4 Fighting
 + Level 9.0 Dodging
 + Level 11.7 Stealth
 + Level 6.1 Unarmed Combat
 + Level 14.5 Spellcasting
 + Level 13.8 Conjurations
 + Level 0.8 Hexes
 + Level 2.8 Summonings
   Level 2.7 Necromancy
 + Level 5.3 Translocations
 * Level 3.0 Fire Magic
 + Level 3.0 Air Magic
 - Level 1.0 Evocations


You had 5 spell levels left.
You knew the following spells:

 Your Spells              Type           Power        Failure   Level  Hunger
a - Magic Dart            Conj           ####         0%          1    None
b - Iskenderun's Mystic   Conj           ######..     1%          4    None
c - Apportation           Tloc           #####.       1%          1    None
d - Passwall              Tmut/Erth      ##........   2%          2    None
e - Deflect Missiles      Chrm/Air       ###.......   77%         6    #####..
f - Tukima's Dance        Hex            ###.....     4%          3    None
g - Summon Lightning Spi  Summ/Air       ####....     5%          4    None
h - Fire Storm            Conj/Fire      #####.....   100%        9    #######
i - Dispersal             Tloc           #####.....   28%         6    #####..


Dungeon Overview and Level Annotations

Branches:
Dungeon (13/15)            Temple (1/1) D:5            Lair (6/6) D:10
  Swamp (0/4) Lair:3        Snake (0/4) Lair:4        Slime (0/5) Lair:5
    Orc (0/2) D:10         Vaults (0/5) D:13

Altars:
Ashenzari
Cheibriados
Dithmenos
Elyvilon
Fedhas
Gozag
Hepliaklqana
Kikubaaqudgha
Makhleb
Nemelex Xobeh
Okawaru
Qazlal
Ru
Sif Muna
Trog
Uskayaw
Vehumet
Xom
Yredelemnul
Zin
The Shining One
Beogh
Jiyva

Shops:
D:7 [   D:10 *   D:12 ?   D:13 *}*


Innate Abilities, Weirdness & Mutations

You cannot wear armour.
You are incapable of wielding weapons or throwing items.
Your paws allow you to move quietly. (Stealth)
You have sharp claws.
You have razor-sharp teeth.
You have supernaturally acute eyesight. (SInv)
You are carnivorous and can eat meat at any time.
You cover ground quickly.
Your thick and shaggy fur keeps you warm. (AC +3, rC+)
You have a slow metabolism.
Your sharp claws are effective at attacking unaware monsters.
You have a pair of small antennae on your head.
You occasionally shout uncontrollably at your foes.


Message History

You climb downwards.
There is a stone staircase leading up, spattered with blood here.
You climb upwards.
There is a stone staircase leading down here.
There is a stone staircase leading down here.
You climb downwards.
The blink frog croaks.
The catoblepas breathes a plume of calcifying dust at you.
The blast of calcifying dust hits you! The catoblepas misses you.
There is a stone staircase leading up here.
Unknown command.
You are engulfed in calcifying dust.
You are slowing down.
The catoblepas gores you!!
You climb upwards.
You have turned to stone.
The catoblepas gores you! The catoblepas gores you!!
* * * LOW HITPOINT WARNING * * *
The catoblepas gores you!!
You die...

..........................#
..........................#
.........................##
.#......................##
.#.............#........#
.#..................#.###
.....................##
....................##
.P.............Y@...#
...............#.P###
.............###...#
.............#######
..............#
.............##
.............##
..............#
.....♣♣♣♣♣♣♣.##


You could see a catoblepas.

Vanquished Creatures
  Rupert (Lair:5)
  4 hydras
  3 vault guards (D:13)
  Erica (D:10)
  4 two-headed ogres
  8 death yaks
  5 skeletal warriors
  A lindwurm (Lair:5)
  Pikel (D:8)
  2 ugly things (D:11)
  An orc knight (D:10)
  2 oklob plants (Lair:1)
  A manticore (D:12)
  The ghost of BigBluFrog the Slicer, a novice OpAK of Lugonu (D:7)
  5 elephants (Lair:5)
  Maurice (D:13)
  Joseph (D:11)
  9 black mambas
  Psyche (D:8)
  11 spiny frogs
  A torpor snail (Lair:6)
  A gargoyle (D:10)
  A rime drake (Lair:1)
  10 komodo dragons
  3 trolls
  A slime creature (D:13)
  A polar bear (Lair:3)
  2 dream sheep (Lair:4)
  8 hippogriffs
  Prince Ribbit (D:8)
  15 blink frogs
  2 shadows
  4 wraiths
  3 wyverns
  42 yaks
  2 basilisks
  4 vampire mosquitoes (D:13)
  A steam dragon (D:13)
  3 wargs (D:10)
  2 soldier ants
  Duvessa (D:7)
  10 water moccasins
  14 porcupines
  Purgy (Sewer)
  2 sky beasts (D:10)
  3 black bears
  12 orc warriors
  4 ice beasts
  A slave (D:8)
  A hornet zombie (D:7)
  A necrophage (D:5)
  3 phantoms
  12 ogres
  A wolf (Lair:1)
  5 centaurs
  14 crocodiles
  18 bullfrogs
  Dowan (D:7)
  2 elf skeletons (D:8)
  5 water moccasin zombies (Ossuary)
  5 scorpions
  5 killer bees (D:9)
  14 wights
  4 electric eels
  4 howler monkeys
  6 crimson imps
  2 centaur zombies
  7 bullfrog zombies
  2 quasits
  6 centaur skeletons
  3 hounds
  A human zombie (D:8)
  4 jellies
  A bullfrog skeleton (D:13)
  13 orc priests
  Crazy Yiuf (D:4)
  20 orc wizards
  2 iguanas
  Jessica (D:3)
  Natasha (thrice) (D:4)
  6 hell rats (Lair:4)
  15 worker ants
  2 big kobold zombies (Ossuary)
  A hound zombie (D:11)
  2 hound skeletons
  2 mummies (Ossuary)
  A howler monkey zombie (D:10)
  A worker ant zombie (D:10)
  3 gnolls (D:2)
  30 adders
  A shadow imp (D:8)
  3 oozes
  7 adder zombies
  An adder skeleton (D:9)
  5 worms
  2 dart slugs
  2 leopard geckos (D:1)
  71 orcs
  3 giant cockroaches
  6 gnoll zombies (Ossuary)
  2 goblins
  6 hobgoblins
  13 jackals
  2 quokkas (D:2)
  2 ball pythons
  5 bats
  9 frilled lizards
  4 hobgoblin zombies (Ossuary)
  4 kobolds
  6 kobold zombies (Ossuary)
  3 orc skeletons (D:8)
  2 orc zombies (Ossuary)
  4 rats
  A butterfly (Lair:4)
  A plant (Lair:4)
613 creatures vanquished.

Vanquished Creatures (collateral kills)
  2 hydras
  A death yak (Lair:4)
  3 elephants (Lair:5)
  2 spiny frogs
  A rime drake (Lair:3)
  A komodo dragon (Lair:5)
  A hippogriff (Lair:5)
  6 yaks
  2 basilisks
  A water moccasin (Lair:5)
  A crocodile (Lair:2)
  A bullfrog (Lair:2)
  A hell rat (Lair:4)
23 creatures vanquished.

Vanquished Creatures (others)
  A quasit (D:9)
  A hound (D:9)
  An orc (D:9)
  7 fungi
  17 plants
27 creatures vanquished.

Grand Total: 663 creatures vanquished

Notes
Turn   | Place    | Note
-------+----------+-------------------------------------------
     0 | D:1      | polly the Felid Conjurer began the quest for the Orb.
     0 | D:1      | Reached XP level 1. HP: 7/7 MP: 4/4
   161 | D:1      | Reached XP level 2. HP: 9/11 MP: 6/6
   711 | D:2      | Reached skill level 1 in Unarmed Combat
   711 | D:2      | Reached XP level 3. HP: 13/14 MP: 4/7
  1581 | D:2      | Reached XP level 4. HP: 7/18 MP: 4/8
  2063 | D:3      | Noticed Jessica
  2301 | D:3      | Reached XP level 5. HP: 14/21 MP: 8/9
  2344 | D:3      | Killed Jessica
  2354 | D:3      | Found a shadowy altar of Dithmenos.
  2378 | D:3      | Found a glowing drain.
  2404 | Sewer    | Entered a sewer
  2512 | Sewer    | Noticed Purgy
  2533 | Sewer    | Killed Purgy
  2533 | Sewer    | Reached skill level 5 in Stealth
  2533 | Sewer    | Gained mutation: You are covered in thick fur. (AC +2) [Felid growth]
  2533 | Sewer    | Reached XP level 6. HP: 7/25 MP: 11/11
  2885 | D:3      | Reached skill level 1 in Fighting
  3011 | D:3      | Reached skill level 3 in Spellcasting
  3200 | D:3      | Learned a level 4 spell: Iskenderun's Mystic Blast
  3503 | D:4      | Noticed Natasha
  3510 | D:4      | Killed Natasha
  3641 | D:4      | Noticed Natasha
  3644 | D:4      | Killed Natasha
  3739 | D:4      | Noticed Natasha
  3754 | D:4      | Killed Natasha
  3754 | D:4      | Reached XP level 7. HP: 8/28 MP: 0/13
  3848 | D:4      | Reached skill level 5 in Conjurations
  4550 | D:4      | Found a runed door.
  4870 | D:4      | Slain by an ogre
  4871 | D:4      | Reached XP level 6. HP: 0/25 MP: 11/21
  4894 | D:4      | Reached skill level 4 in Spellcasting
  4997 | D:4      | Noticed Crazy Yiuf
  5043 | D:4      | Killed Crazy Yiuf
  5043 | D:4      | Reached XP level 7. HP: 15/28 MP: 2/14
  5290 | D:5      | Entered Level 5 of the Dungeon
  5566 | D:5      | Found a shattered altar of Ashenzari.
  5748 | D:5      | Found a staircase to the Ecumenical Temple.
  5819 | D:5      | Reached skill level 5 in Spellcasting
  6254 | D:5      | Reached XP level 8. HP: 32/32 MP: 14/17
  6470 | D:5      | Reached skill level 6 in Spellcasting
  6877 | D:5      | Found a snail-covered altar of Cheibriados.
  7163 | Temple   | Entered the Ecumenical Temple
  7364 | Temple   | Became a worshipper of Sif Muna the Loreminder
  7620 | D:6      | Reached skill level 5 in Dodging
  8082 | D:6      | Reached skill level 7 in Spellcasting
  8442 | D:6      | Reached XP level 9. HP: 36/36 MP: 20/20
  8680 | D:6      | Reached * piety under Sif Muna
  9011 | D:7      | Noticed BigBluFrog's ghost (novice OpAK)
  9017 | D:7      | Killed BigBluFrog's ghost
  9140 | D:7      | Found Hacudy's Armour Emporium.
  9193 | D:7      | Noticed Duvessa
  9195 | D:7      | Noticed Dowan
  9217 | D:7      | Killed Duvessa
  9236 | D:7      | Killed Dowan
  9561 | D:7      | Reached skill level 8 in Spellcasting
 10209 | D:8      | Reached ** piety under Sif Muna
 10240 | D:8      | Noticed Joseph
 10287 | D:8      | Found a hazy altar of Hepliaklqana.
 10605 | D:8      | Noticed Psyche
 10826 | D:8      | Found a sand-covered staircase.
 10831 | Ossuary  | Entered an ossuary
 10857 | Ossuary  | Reached XP level 10. HP: 36/40 MP: 19/23
 11814 | D:8      | Killed Psyche
 11980 | D:8      | Noticed Prince Ribbit
 11994 | D:8      | Killed Prince Ribbit
 11994 | D:8      | Reached *** piety under Sif Muna
 12140 | D:8      | Found a shimmering altar of Xom.
 12154 | D:8      | Reached skill level 9 in Spellcasting
 12686 | D:9      | Found an iron altar of Okawaru.
 13435 | D:9      | Noticed Pikel
 13662 | D:8      | Killed Pikel
 14111 | D:9      | Found a bloodstained altar of Trog.
 14380 | D:10     | Entered Level 10 of the Dungeon
 14513 | D:10     | Noticed a gargoyle
 14521 | D:10     | Killed a gargoyle
 14682 | D:10     | Noticed Erica
 14687 | D:10     | Killed Erica
 14687 | D:10     | Reached skill level 10 in Conjurations
 14687 | D:10     | Reached XP level 11. HP: 13/43 MP: 21/25
 14936 | D:10     | Found a staircase to the Lair.
 14945 | D:10     | Reached **** piety under Sif Muna
 14946 | D:10     | Reached skill level 5 in Unarmed Combat
 15385 | D:10     | Reached skill level 10 in Spellcasting
 16027 | D:10     | Found Ijiarocw's Elemental Accessories.
 16051 | D:10     | Learned a level 1 spell: Apportation
 16192 | D:10     | Found a staircase to the Orcish Mines.
 17176 | D:11     | Noticed a two-headed ogre
 17190 | D:11     | Killed a two-headed ogre
 17934 | D:11     | Noticed an orc knight
 17935 | D:11     | Noticed a skeletal warrior
 18224 | D:11     | Noticed a skeletal warrior
 18225 | D:11     | Noticed a skeletal warrior
 18225 | D:11     | Noticed a skeletal warrior
 18225 | D:11     | Noticed a skeletal warrior
 18227 | D:11     | Slain by a skeletal warrior
 18228 | D:11     | Reached XP level 10. HP: -4/40 MP: 34/34
 18324 | D:10     | Killed a skeletal warrior
 18324 | D:10     | Reached ***** piety under Sif Muna
 18889 | D:10     | Killed a skeletal warrior
 18889 | D:10     | Identified Sif Muna's Papyrus of the Firefly (Sif Muna gifted it to you on level 10 of the Dungeon)
 18889 | D:10     | Received a gift from Sif Muna
 18889 | D:10     | Reached skill level 11 in Spellcasting
 18896 | D:10     | Learned a level 2 spell: Passwall
 19171 | D:10     | Reached XP level 11. HP: 33/44 MP: 0/27
 19690 | D:9      | Killed a skeletal warrior
 19848 | D:9      | HP: 1/44 [yak (15)]
 20944 | D:10     | Killed a skeletal warrior
 21190 | D:10     | Killed a skeletal warrior
 21443 | D:10     | Killed an orc knight
 21538 | D:11     | Found a roughly hewn altar of Beogh.
 21734 | D:11     | Killed Joseph
 21948 | D:12     | Noticed a white ugly thing
 22084 | D:12     | Mangled by a white ugly thing
 22085 | D:12     | Reached XP level 10. HP: -10/42 MP: 35/35
 22155 | D:12     | Noticed a manticore
 22162 | D:12     | Killed a manticore
 22978 | D:12     | Noticed a white ugly thing
 22980 | D:12     | Noticed a two-headed ogre
 23024 | D:11     | Reached XP level 11. HP: 32/45 MP: 12/27
 23118 | D:11     | Learned a level 6 spell: Deflect Missiles
 23618 | D:11     | Killed a white ugly thing
 23808 | D:11     | Identified a scroll of acquirement
 24252 | D:11     | Reached skill level 12 in Spellcasting
 24269 | D:11     | Killed a white ugly thing
 24274 | D:11     | Gained mutation: You have a pair of small antennae on your head. [mutagenic meat]
 24275 | D:11     | Gained mutation: You occasionally shout uncontrollably at your foes. [mutagenic meat]
 24398 | D:12     | Killed a two-headed ogre
 24398 | D:12     | Reached skill level 1 in Evocations
 24592 | D:12     | Found Lerchozok's Magic Scroll Shop.
 24595 | D:12     | Bought a scroll of identify for 28 gold pieces
 24595 | D:12     | Bought a scroll of identify for 28 gold pieces
 24595 | D:12     | Bought a scroll of identify for 28 gold pieces
 24725 | D:12     | Received a gift from Sif Muna
 24733 | D:12     | Learned a level 3 spell: Tukima's Dance
 24895 | D:13     | Found Xifekk's Assorted Antiques.
 24899 | D:13     | Bought a blue potion for 23 gold pieces
 25279 | D:13     | Found Ehygeuf's General Store.
 25294 | D:13     | Found Doduada's Gadget Shoppe.
 25344 | D:13     | Noticed Maurice
 25347 | D:13     | Killed Maurice
 25347 | D:13     | Reached skill level 1 in Translocations
 25455 | D:13     | Noticed a two-headed ogre
 25456 | D:13     | Noticed a two-headed ogre
 25470 | D:13     | Killed a two-headed ogre
 25475 | D:13     | Killed a two-headed ogre
 25871 | D:13     | Reached skill level 10 in Stealth
 25912 | D:13     | Found a gate to the Vaults.
 25912 | D:13     | Noticed a vault guard
 25912 | D:13     | Noticed a vault guard
 25912 | D:13     | Noticed a vault guard
 25912 | D:13     | Noticed a vault guard
 25912 | D:13     | Noticed a vault guard
 25913 | D:13     | Noticed a vault guard
 25913 | D:13     | Noticed a vault guard
 25916 | D:13     | Noticed a vault guard
 25919 | D:13     | Killed a vault guard
 25920 | D:13     | Killed a vault guard
 25941 | D:13     | Killed a vault guard
 26322 | D:12     | Gained mutation: Your thick and shaggy fur keeps you warm. (AC +3, rC+) [Felid growth]
 26322 | D:12     | Reached XP level 12. HP: 34/48 MP: 7/29
 27136 | Lair:1   | Entered Level 1 of the Lair of Beasts
 27627 | Lair:1   | Learned a level 4 spell: Summon Lightning Spire
 28089 | Lair:1   | Found an opulent altar of Gozag.
 29660 | Lair:2   | Reached skill level 13 in Spellcasting
 29727 | Lair:2   | Noticed a seven-headed hydra
 29819 | Lair:2   | Killed a seven-headed hydra
 30481 | Lair:3   | Noticed a four-headed hydra
 30536 | Lair:3   | Killed a four-headed hydra
 30536 | Lair:3   | Reached skill level 1 in Summonings
 30536 | Lair:3   | Reached skill level 5 in Translocations
 30666 | Lair:3   | Identified Sif Muna's Tome of Dark Transformation (Sif Muna gifted it to you on level 3 of the Lair of Beasts)
 30666 | Lair:3   | Received a gift from Sif Muna
 30672 | Lair:3   | Reached skill level 1 in Air Magic
 30681 | Lair:3   | Learned a level 4 spell: Control Undead
 31065 | Lair:3   | Reached skill level 1 in Necromancy
 31474 | Lair:3   | Found a staircase to the Swamp.
 31531 | Lair:3   | Reached XP level 13. HP: 51/51 MP: 31/31
 33189 | Lair:4   | Found a staircase to the Snake Pit.
 33645 | Lair:3   | Got a faintly glowing copper ring
 33647 | Lair:3   | Identified the ring of Kuen {Fire Str+2} (You acquired it on level 3 of the Lair of Beasts)
 35358 | Lair:5   | Found a sparkling altar of Nemelex Xobeh.
 35485 | Lair:5   | Found a staircase to the Slime Pits.
 35487 | Lair:5   | Found a viscous altar of Jiyva.
 35973 | Lair:5   | Noticed Rupert
 36109 | Lair:4   | Identified Sif Muna's Almanac of the Spatial Arsonist (Sif Muna gifted it to you on level 4 of the Lair of Beasts)
 36109 | Lair:4   | Received a gift from Sif Muna
 36124 | Lair:4   | Learned a level 9 spell: Fire Storm
 36131 | Lair:4   | Learned a level 6 spell: Dispersal
 36298 | Lair:5   | Killed Rupert
 36298 | Lair:5   | Reached skill level 14 in Spellcasting
 36667 | Lair:6   | Entered Level 6 of the Lair of Beasts
 36947 | Lair:5   | Reached skill level 1 in Fire Magic
 38149 | Lair:4   | Reached XP level 14. HP: 15/55 MP: 30/33
 38431 | Lair:6   | Demolished by a death yak
 38432 | Lair:6   | Reached XP level 13. HP: -18/51 MP: 41/41
 40418 | Lair:5   | Mangled by a catoblepas

Skill      XL: |  1  2  3  4  5  6  7  8  9 10 11 12 13 14 |
---------------+-------------------------------------------+-----
Dodging        | 3 4 5 6 8 9 |  9.0
Stealth        | 3 4 5 6 7 8 10 11 | 11.7
Unarmed Combat | 1 2 3 4 5 6 |  6.1
Conjurations   | 4 6 7 8 12 13 | 13.8
Fighting       | 1 2 3 |  3.4
Spellcasting   | 4 5 7 8 11 12 13 14 | 14.5
Evocations     | 1 |  1.0
Translocations | 2 5 |  5.3
Summonings     | 1 2 |  2.8
Air Magic      | 1 3 |  3.0
Necromancy     | 1 2 |  2.7
Fire Magic     | 3 2 |  3.0
Hexes          | |  0.8

Action                   |  1- 3 |  4- 6 |  7- 9 | 10-12 | 13-15 || total
-------------------------+-------+-------+-------+-------+-------++-------
Melee: Unarmed           |    83 |    35 |    34 |   114 |    11 ||   277
       Bite              |     5 |     2 |     2 |    11 |     1 ||    21
       Punch             |       |       |     1 |     3 |       ||     4
 Cast: Magic Dart        |    52 |   135 |   214 |   269 |    43 ||   713
       Iskenderun's Myst |       |     9 |   143 |   718 |   301 ||  1171
       Summon Lightning  |       |       |       |    17 |    24 ||    41
       Tukima's Dance    |       |       |       |     2 |     1 ||     3
       Control Undead    |       |       |       |       |    11 ||    11
Invok: Forget Spell      |       |       |       |       |     1 ||     1
Evoke: Wand              |       |     3 |     2 |    17 |    16 ||    38
  Use: Potion            |     1 |     3 |     1 |     2 |       ||     7
       Scroll            |       |     2 |     7 |    13 |     9 ||    31
 Stab: Sleeping          |     9 |     7 |     7 |    28 |     5 ||    56
       Distracted        |       |       |     1 |       |       ||     1
       Paralysed         |       |       |       |     1 |     1 ||     2
  Eat: Chunk             |       |    15 |    26 |    73 |    16 ||   130
       Royal jelly       |       |       |       |     4 |       ||     4
Armor: Skin              |     5 |     4 |     6 |    16 |     9 ||    40
Dodge: Dodged            |    86 |    92 |   126 |   436 |   250 ||   990
Block: Other             |       |       |       |       |    37 ||    37
